 Dungeon Crawl Stone Soup version 0.27-a0-1359-ga2a4dfd6fd (webtiles) character file.

Game seed: 17954355607378557085

2 snetch the Magician (level 1, -3/15 HPs)
             Began as a Djinni Fire Elementalist on June 28, 2021.
             Slain by a necrophage (5 damage)
             ... on level 4 of the Dungeon.
             The game lasted 00:00:51 (215 turns).

snetch the Magician (Djinni Fire Elementalist)       Turns: 215, Time: 00:00:52

Health: -3/15      AC:  2    Str:  7    XL:     1   Next: 44%
Gold:   0          EV: 12    Int: 16    God:
                   SH:  0    Dex: 13

rFire    + + .     SeeInvis .   (no weapon)
rCold    x . .     Faith    .   (no shield)
rNeg     . . .     Spirit   .   a - +0 robe
rPois    ∞         Reflect  .   (no helmet)
rElec    .         Harm     .   (no cloak)
rCorr    .         Rampage  .   (no gloves)
Will     .....                  (boots unavailable)
Stlth    ++........             (no amulet)
HPRegen  0.05/turn              (no ring)
MPRegen  0.00/turn              (no ring)

@: flying
A: sickness immunity, fire resistance 2, cold vulnerability 1, float, innate
caster, hp casting, extra vitality 1
a: no special abilities


You were on level 4 of the Dungeon.
You visited 1 branch of the dungeon, and saw 4 of its levels.

Inventory:

Armour
 a - a +0 robe (worn)
Scrolls
 b - a scroll of teleportation {unknown}
 c - a scroll of identify {unknown}


   Skills:
 + Level 2.2 Dodging
 + Level 1.6 Stealth
 + Level 2.5 Spellcasting


You couldn't memorise any spells.
You knew the following spells:

 Your Spells              Type           Power      Damage    Failure   Level
a - Foxfire               Conj/Fire      40%        2x1d6     7%          1
b - Conjure Flame         Conj/Fire      10%        6-21      21%         3
c - Inner Flame           Hex/Fire       10%        N/A       21%         3
d - Sticky Flame          Conj/Fire      10%        2d3       56%         4
e - Fireball              Conj/Fire      5%         3d5       88%         5
Your spell library was empty.

Dungeon Overview and Level Annotations

Branches:
Dungeon (4/15)
 Temple: D:4-7

Altars:


Innate Abilities, Weirdness & Mutations

You are immune to sickness and miasma.
You are immune to poison.
Your flesh is very heat resistant. (rF++)
You are vulnerable to cold. (rC-)
You float through the air rather than walking.
You learn spells naturally, not from books.
Your magical power is your life essence.
You have superior vitality. (+4 HP)


Message History

Your foxfire dissipates!
You conjure some foxfire!
The foxfire hits the necrophage but does no damage.
The necrophage is lightly damaged.
Your foxfire dissipates!
The foxfire hits the necrophage.
The necrophage is lightly damaged.
The foxfire hits the necrophage.
The necrophage is moderately damaged.
You conjure some foxfire!
Your foxfire dissipates!
The foxfire hits the necrophage.
The necrophage is moderately damaged.
The foxfire hits the necrophage.
The necrophage is moderately damaged.
You conjure some foxfire!
The foxfire hits the necrophage but does no damage.
The necrophage is moderately damaged.
The foxfire hits the necrophage but does no damage.
The necrophage is moderately damaged.
The necrophage hits you.
* * * LOW HITPOINT WARNING * * *
You are too injured to fight recklessly!
Unknown command.
You are too injured to fight recklessly!
Casting: Foxfire (safe; 7% risk of failure)
Press: ? - help, Q - select action Dir - look around, f - activate You conjure some foxfire!
* * * LOW HITPOINT WARNING * * *
The foxfire hits the necrophage.
The necrophage is heavily damaged.
The foxfire hits the necrophage but does no damage.
The necrophage is heavily damaged.
The necrophage closely misses you.
Casting: Foxfire (safe; 7% risk of failure)
Press: ? - help, Q - select action Dir - look around, f - activate You conjure some foxfire!
* * * LOW HITPOINT WARNING * * *
The necrophage hits you.
You die...

#......# #......
#..... . . #....
.. #. #).# ..#
##..##.<####...#
#..............#
#......vv......#
#......v@n.....#
##.....v#####+##
#......#
#........
#........
.........#
.#..##..## ###
###


You could see a necrophage (ally target).

Vanquished Creatures
  A hobgoblin (D:2)
  A ball python (D:3)
  A kobold (D:1)
3 creatures vanquished.

Vanquished Creatures (others)
  26 foxfires
  3 plants (D:3)
29 creatures vanquished.

Grand Total: 32 creatures vanquished

Notes
Turn   | Place    | Note
-------+----------+-------------------------------------------
     0 | D:1      | snetch the Djinni Fire Elementalist began the quest for the
                  | Orb.
     0 | D:1      | Reached XP level 1. HP: 15/15 MP: 0/0
   205 | D:4      | Noticed a necrophage
   215 | D:4      | Slain by a necrophage

Illustrated notes

Levels and vault maps discovered:
D:1:      evilmike_arrival_hilbert_curve, layout_loops_ring,
          chequers_ecumenical_altar_simple, chequers_big_river
D:2:      layout_loops_corners, kennysheep_flooded_box, uniq_crazy_yiuf_cottage
D:3:      wad_woods_settlement, layout_basic, nicolae_overflow_crystal_walls,
          grunt_temple_overflow_open
D:4:      layout_gridville, cheibrodos_sewer_entry_bend, gammafunk_ghost_grave,
          kennysheep_generic_room_13

Action                   || total
-------------------------++-------
 Cast: Foxfire           ||    17
Dodge: Dodged            ||     1

Table legend: (Time is in decaauts)
 A = Elapsed time spent in this place.
 B = Non-inter-level travel time spent in this place.
 C = Inter-level travel time spent in this place.
 D = Time resting spent in this place.
 E = Time spent auto-exploring this place.
 F = Levels seen in this place.
 G = Mean time per level.
                   A        B        C        D        E       F      G
               +--------+--------+--------+--------+--------+-----+--------+
         Total |    214 |    214 |      0 |    160 |      3 |   4 |   53.5 |
       Dungeon |    214 |    214 |      0 |    160 |      3 |   4 |   53.5 |
               +--------+--------+--------+--------+--------+-----+--------+

Top non-repeatable levels by time:
     D:2: 142 daAuts
     D:3: 39 daAuts
     D:1: 19 daAuts
     D:4: 12 daAuts
